 Dungeon Crawl Stone Soup version 0.29.0 (webtiles) character file.

Game seed: 7610318908272247534

74 Dorkslayer the Trooper (level 4, 0/40 HPs)
             Began as a Hill Orc Fighter on Sept 11, 2022.
             Killed from afar by a dart slug (6 damage)
             ... with a slug dart
             ... on level 2 of the Dungeon.
             The game lasted 00:03:58 (1256 turns).

Dorkslayer the Trooper (Hill Orc Fighter)           Turns: 1256, Time: 00:03:59

Health: 0/40       AC:  7    Str: 18    XL:     4   Next: 28%
Magic:  4/4        EV:  9    Int:  8    God:
Gold:   72         SH:  4    Dex: 12    Spells: 3/3 levels left

rFire   . . .      SeeInvis .   a - +0 war axe
rCold   . . .      Faith    .   c - +0 buckler
rNeg    . . .      Spirit   .   d - +0 scale mail {rPois}
rPois   +          Reflect  .   (no helmet)
rElec   .          Harm     .   (no cloak)
rCorr   .          Rampage  .   (no gloves)
Will    .....                   (no boots)
Stlth   ..........              (no amulet)
HPRegen 0.13/turn               (no ring)
MPRegen 0.09/turn               (no ring)

@: no status effects
A: no striking features
a: no special abilities


You were on level 2 of the Dungeon.
You visited 1 branch of the dungeon, and saw 2 of its levels.

You collected 72 gold pieces.

Inventory:

Hand Weapons
 a - a +0 war axe (weapon)
Missiles
 e - 5 poisoned darts (quivered)
Armour
 c - a +0 buckler (worn)
 d - a +0 scale mail of poison resistance (worn)
 k - a +0 chain mail
Scrolls
 f - 2 scrolls of magic mapping {unknown}
 g - a scroll of identify {unknown}
 h - a scroll of enchant weapon {unknown}
 i - a scroll of teleportation {unknown}
 l - a scroll of fear {unknown}
Potions
 b - a potion of lignification {unknown}


   Skills:
 * Level 4.3 Fighting
 + Level 4.0 Axes
 + Level 3.7 Armour
 * Level 0.9 Dodging
 + Level 3.5 Shields


You had 3 spell levels left.
You didn't know any spells.
Your spell library contained the following spells:

 Spells                   Type           Power      Damage    Failure   Level
 Poisonous Vapours        Pois/Air       0%         N/A       95%         2
 Dazzling Flash           Conj/Hex       0%         N/A       99%         3
 Corpse Rot               Necr/Pois/Air  0%         N/A       100%        4
 Agony                    Necr           0%         N/A       100%        5
 Silence                  Hex/Air        0%         N/A       100%        5


Dungeon Overview and Level Annotations

Branches:
Dungeon (2/15)

Altars:


Message History

The adder is almost dead.
The adder completely misses you. The adder bites you but does no damage.
You closely miss the adder.
The adder is almost dead.
The adder bites you.
* * * LOW HITPOINT WARNING * * *
A dart slug comes into view.
The ball python misses you. The ball python grabs you.
The ball python constricts you.
You hit the ball python.
The ball python is severely wounded.
You barely miss the adder. The adder bites you.
* * * LOW HITPOINT WARNING * * *
The ball python bites you but does no damage.
The ball python constricts you. You block the adder's attack.
You closely miss the ball python.
The ball python is severely wounded.
You barely miss the adder. The adder bites you.
* * * LOW HITPOINT WARNING * * *
The ball python completely misses you. The ball python constricts you.
The adder bites you but does no damage.
The ball python bites you but does no damage.
The ball python constricts you.
* * * LOW HITPOINT WARNING * * *
You hit the ball python.
You kill the ball python!
You closely miss the adder. The adder closely misses you. The adder bites you.
* * * LOW HITPOINT WARNING * * *
Unknown command.
You miss the adder.
The adder is almost dead.
The adder bites you but does no damage.
You barely miss the adder.
The adder is almost dead.
You block the adder's attack. The adder bites you but does no damage.
You hit the adder.
You kill the adder!
The dart slug launches a dart at you. The slug dart hits you.
You die...

#> #.##### #....# ## #.## #......
#..# #....... #..# #....... #..#
..^.... #..# #..#####. #.†.w....
#@†#####. .#..# ###### ....#### .
......... ........ . .......
........# # # ......
#####.#..##.# # # #.#..
.#.....### # .. #.#.#
###.##....## #
...##.#.############.##.##.....##


You could see a dart slug.

Vanquished Creatures
  Terence (D:2)
  3 adders (D:2)
  A dart slug (D:2)
  6 ball pythons
  3 endoplasms
  2 goblins (D:1)
  A hobgoblin (D:1)
  3 quokkas
  2 bats
  3 frilled lizards
  A kobold (D:1)
  6 rats
32 creatures vanquished.

Notes
Turn   | Place    | Note
-------+----------+-------------------------------------------
     0 | D:1      | Dorkslayer the Hill Orc Fighter began the quest for the
                  | Orb.
     0 | D:1      | Reached XP level 1. HP: 19/19 MP: 1/1
   263 | D:1      | Reached XP level 2. HP: 27/27 MP: 2/2
   813 | D:2      | Found a faded altar of an unknown god.
  1127 | D:2      | Identified the +0 ring mail "Sofefosk" {+Blink Str+4 Int+3
                  | Dex+2}
  1145 | D:2      | Reached XP level 3. HP: 33/33 MP: 3/3
  1169 | D:2      | Noticed Terence
  1180 | D:2      | Killed Terence
  1185 | D:2      | Reached XP level 4. HP: 5/40 MP: 4/4
  1256 | D:2      | Killed from afar by a dart slug

Illustrated notes

Levels and vault maps discovered:
D:1:      sevenhm_arrival_forest_fort_large_4, layout_loops_ring,
          serial_bayou_lagoon_a, hangedman_decor_lopped, minmay_tiny_reverse_x
D:2:      layout_basic, hellmonk_ecumenical_altar_run_dry, uniq_terence,
          uniq_robin

Skill      XL: |  1  2  3  4 |
---------------+-------------+-----
Fighting       | 4 |  4.3
Axes           | 3 4 |  4.0
Armour         | |  3.7
Dodging        | |  0.9
Shields        | |  3.5

Action                   |  1- 3 |  4- 6 || total
-------------------------+-------+-------++-------
Melee: War axe           |    77 |    14 ||    91
  Use: Potion            |     2 |       ||     2
Armor: Scale mail        |    46 |     6 ||    52
       Ring mail         |     4 |     2 ||     6
Dodge: Dodged            |    56 |     7 ||    63
Block: Buckler           |    25 |     2 ||    27
